 Dungeon Crawl Stone Soup version 0.30.1-9-gdf580d7c3d (webtiles) character file.

Game seed: 13036281110387210048

3725 boopmooplesden the Carver (level 9, -5/118 HPs)
             Began as a Minotaur Fighter on Sept 30, 2023.
             Was an Initiate of Trog.
             Slain by a wraith (10 damage)
             ... on level 7 of the Dungeon.
             The game lasted 00:11:52 (8330 turns).

boopmooplesden the Carver (Minotaur Fighter)        Turns: 8330, Time: 00:11:53

Health: -5/118     AC: 14    Str: 22    XL:     9   Next: 92%
Magic:  8/8        EV:  7    Int:  5    God:    Trog [......]
Gold:   360        SH: 11    Dex: 13    Spells: 8/8 levels left

rFire   . . .        a - +1 long sword
rCold   . . .        o - +1 kite shield
rNeg    . . .        x - +0 plate armour
rPois   .            (helmet restricted)
rElec   .            (no cloak)
rCorr   .            (no gloves)
SInv    .            (no boots)
Will    .....        (no amulet) Stlth
                     (no ring)
HPRegen 0.39/turn    (no ring)
MPRegen 0.11/turn

%: no passive effects
@: berserking (expiring), slowed, studying Throwing
A: horns 2, retaliatory headbutt
a: Renounce Religion


You were on level 7 of the Dungeon.
You worshipped Trog.
Trog was noncommittal.
You visited 2 branches of the dungeon, and saw 9 of its levels.
You also visited: Sewer.

You collected 360 gold pieces.

Inventory:

Hand Weapons
 a - a +1 long sword (weapon)
 g - a +1 trident of venom
Missiles
 s - a throwing net
 u - 2 javelins (quivered)
Armour
 b - a +0 scale mail
 o - a +1 kite shield (worn)
 x - a +0 plate armour (worn)
Jewellery
 n - a ring of willpower
 t - a ring of protection from cold
 w - a ring of ice
Wands
 h - a wand of roots (8)
 v - a wand of digging (4)
Scrolls
 d - 2 scrolls of teleportation
 e - 4 scrolls of identify
 l - a scroll of magic mapping
 p - a scroll of fog
 q - 3 scrolls of blinking
Potions
 c - 3 potions of curing
 f - 3 potions of mutation
 i - 2 potions of brilliance
 j - 2 potions of flight {unknown}
 k - 2 potions of heal wounds
 m - 2 potions of invisibility
 r - 2 potions of berserk rage


   Skills:
 + Level 7.0 Fighting
 + Level 10.3 Long Blades
 + Level 9.1 Armour
 + Level 4.4 Dodging
 + Level 1.2 Stealth
 + Level 8.3 Shields


You had 8 spell levels left.
You didn't know any spells.
Your spell library contained the following spells:

 Spells                   Type           Power      Damage    Failure   Level
 Apportation              Tloc           0%         N/A       100%        1
 Necrotise                Necr           0%         1d4       100%        1
 Summon Small Mammal      Summ           0%         N/A       100%        1
 Cigotuvi's Dreadful Rot  Necr/Pois/Air  0%         N/A       100%        2
 Gell's Gravitas          Tloc           0%         N/A       100%        3
 Ignite Poison            Fire/Tmut/Pois 0%         N/A       100%        3
 Teleport Other           Tloc           0%         N/A       100%        3
 Tukima's Dance           Hex            0%         N/A       100%        3
 Cause Fear               Hex            0%         N/A       100%        4
 Passage of Golubria      Tloc           0%         N/A       100%        4
 Freezing Cloud           Conj/Ice/Air   0%         6-21      100%        5
 Yara's Violent Unravell  Hex/Tmut       0%         3d3       100%        5
 Dispersal                Tloc           0%         N/A       100%        6
 Dragon Form              Tmut           0%         N/A       100%        7
 Malign Gateway           Summ/Tloc      0%         N/A       100%        7
 Summon Horrible Things   Summ           0%         N/A       100%        8
 Dragon's Call            Summ           0%         N/A       100%        9


Dungeon Overview and Level Annotations

Branches:
Dungeon (8/15)             Temple (1/1) D:4           Sewer (visited)
   Lair: D:8-11

Altars:
Ashenzari
Cheibriados
Nemelex Xobeh
Okawaru
Sif Muna
Trog
Vehumet
Wu Jian
Xom
Zin

Shops:
D:2 *   D:7 (

Annotations:
D:7 2 runed translucent doors


Innate Abilities, Weirdness & Mutations

You have a pair of horns on your head.
You reflexively headbutt those who attack you in melee.


Message History

The komodo dragon is severely wounded.
The wraith hits you! The wraith drains your vigour!
You feel as though you will be slow longer.
The komodo dragon bites you!!
You slash the komodo dragon!
The komodo dragon is almost dead.
You block the wraith's attack. You block the komodo dragon's attack.
You slash the komodo dragon!
You kill the komodo dragon!
Trog accepts your kill. You block the wraith's attack.
A cyclops comes into view.
Your Fighting skill increases to level 7!
Your Armour skill increases to level 9!
You closely miss the wraith. You block the wraith's attack.
The cyclops hits you!!
* * * LOW HITPOINT WARNING * * *
You slash the wraith!
The wraith is moderately damaged.
The wraith hits you but does no damage.
You closely miss the wraith.
The wraith is moderately damaged.
You block the wraith's attack. You block the cyclops's attack.
You slash the wraith! Your headbutt misses the wraith.
The wraith is severely damaged.
You block the wraith's attack. The cyclops hits you!
* * * LOW HITPOINT WARNING * * *
You barely miss the wraith. Your headbutt misses the wraith.
The wraith is severely damaged.
The wraith hits you.
* * * LOW HITPOINT WARNING * * *
You barely miss the wraith.
The wraith is severely damaged.
The cyclops hits you.
* * * LOW HITPOINT WARNING * * *
The wraith hits you but does no damage.
You hit the wraith but do no damage.
The wraith is severely damaged.
The wraith hits you!
You die...

....#...#......(...###..### ##.#.
.##.#...#........##..##...###..##
.....†#.#......###+#..###........
#####.#.#....### ###..###...###
......#.#..### #....###...#
#####.# ### ## #.#....###.. #.#
.# #...#....### #?# ###.#
#.#...#....' #.# #@#.#
#...#....### ... #W#C##
#.#....###.. ..# ##.#)#
#....###...# ...
#######.###..###...###
#...###'#..###...###
##+##.###..##...###
#..u#.#..###....####
#...#..####..##....###
##+#####....# ####...#


You could see a cyclops and a wraith.

Vanquished Creatures
  A gargoyle (D:7)
  A komodo dragon (D:7)
  Prince Ribbit (D:5)
  Sigmund (D:5)
  Edmund (D:4)
  The ghost of Psyclone the Stinger, an amateur DEVM (D:3)
  2 water moccasins
  An ice beast (D:7)
  2 orc warriors
  A black bear (D:7)
  Pargi (Sewer)
  An ogre (D:5)
  5 centaurs
  Blork the orc (D:4)
  A kobold brigand (D:8)
  A gnoll sergeant (D:7)
  3 scorpions
  2 killer bees (D:7)
  A howler monkey (D:8)
  4 hounds
  An orc priest (D:8)
  A jelly (D:5)
  A gnoll bouda (D:4)
  7 iguanas
  5 orc wizards
  2 sleepcaps (D:6)
  A mummy (D:7)
  Robin (D:2)
  11 gnolls
  8 adders
  3 shadow imps (D:7)
  A white imp (D:7)
  3 ufetubi
  5 worms
  3 dart slugs
  19 orcs
  8 ball pythons
  9 bats
  3 endoplasms (D:1)
  5 giant cockroaches
  18 goblins
  6 hobgoblins
  5 quokkas
  6 frilled lizards
  14 kobolds
  8 rats
186 creatures vanquished.

Notes
Turn   | Place    | Note
-------+----------+-------------------------------------------
     0 | D:1      | boopmooplesden the Minotaur Fighter began the quest for the
                  | Orb.
     0 | D:1      | Reached XP level 1. HP: 19/19 MP: 0/0
   122 | D:1      | Reached XP level 2. HP: 26/27 MP: 1/1
   690 | D:2      | Reached XP level 3. HP: 33/33 MP: 2/2
   693 | D:2      | Found a shimmering altar of Xom.
   787 | D:2      | Reached skill level 3 in Long Blades
   998 | D:2      | Noticed Robin
  1006 | D:2      | Killed Robin
  1007 | D:2      | Reached XP level 4. HP: 39/40 MP: 3/3
  1435 | D:2      | Found Witosohia's Assorted Antiques.
  1783 | D:3      | Found a runed translucent gate.
  1783 | D:3      | Found a runed translucent gate.
  1784 | D:3      | Found a runed translucent gate.
  1869 | D:3      | Reached skill level 1 in Dodging
  1869 | D:3      | Reached XP level 5. HP: 45/46 MP: 4/4
  1917 | D:3      | Noticed Psyclone's ghost (amateur DEVM)
  1933 | D:3      | Killed Psyclone's ghost
  1934 | D:3      | Reached skill level 4 in Long Blades
  2008 | D:3      | Found a faded altar of an unknown god.
  2582 | D:4      | Reached skill level 5 in Armour
  2582 | D:4      | Reached XP level 6. HP: 51/53 MP: 5/5
  2738 | D:4      | Reached skill level 5 in Long Blades
  2744 | D:4      | Found a glowing drain.
  2748 | Sewer    | Entered a sewer
  2764 | Sewer    | Noticed Pargi
  2773 | Sewer    | Killed Pargi
  2920 | D:4      | Reached skill level 1 in Stealth
  2926 | D:4      | Reached skill level 5 in Shields
  3170 | D:4      | Noticed Edmund
  3187 | D:4      | Killed Edmund
  3188 | D:4      | Reached skill level 6 in Long Blades
  3188 | D:4      | Reached XP level 7. HP: 30/60 MP: 6/6
  3340 | D:4      | Noticed Blork the orc
  3346 | D:4      | Killed Blork the orc
  3545 | D:4      | Found a staircase to the Ecumenical Temple.
  3624 | D:5      | Entered Level 5 of the Dungeon
  4043 | D:5      | Noticed Sigmund
  4051 | D:5      | Killed Sigmund
  4052 | D:5      | Reached skill level 5 in Fighting
  4081 | D:5      | Reached skill level 7 in Long Blades
  4090 | D:5      | Reached XP level 8. HP: 14/68 MP: 7/7
  4368 | D:5      | Noticed Prince Ribbit
  4388 | D:5      | Killed Prince Ribbit
  5299 | D:6      | Reached skill level 8 in Long Blades
  6078 | D:7      | Found a snail-covered altar of Cheibriados.
  6128 | D:7      | Reached XP level 9. HP: 56/75 MP: 8/8
  6397 | D:7      | HP: 4/112 [orc warrior/+0 scimitar (18)]
  6399 | D:7      | Reached skill level 9 in Long Blades
  6405 | D:7      | HP: 1/115 [ufetubus (2)]
  6712 | D:7      | Found Pemuon's Weapon Shoppe.
  7072 | D:7      | You fall into a shaft and drop 1 floor!
  7657 | D:5      | Reached skill level 10 in Long Blades
  7721 | Temple   | Entered the Ecumenical Temple
  7738 | Temple   | Became a worshipper of Trog the Wrathful
  7936 | D:7      | Found a runed translucent door.
  7936 | D:7      | Found a runed translucent door.
  7936 | D:7      | Noticed a green ugly thing
  7943 | D:7      | Noticed a gargoyle
  7957 | D:7      | Killed a gargoyle
  8312 | D:7      | Noticed a komodo dragon
  8313 | D:7      | Identified the ring "Hedin" {Str+6 Dex+5 Slay+2}
  8323 | D:7      | Killed a komodo dragon
  8323 | D:7      | Noticed a cyclops
  8329 | D:7      | HP: 4/118 [cyclops (5)]
  8330 | D:7      | Slain by a wraith

Illustrated notes

Levels and vault maps discovered:
D:1:      sevenhm_arrival_forest_fort_small_3, layout_basic
D:2:      layout_basic, serial_shops, shop, basic_altar, uniq_robin
D:3:      layout_basic, ebering_ghost_rock_garden,
          dreamdust_ecumenical_altar_statues, minmay_misc_feat_four_crosses
D:4:      layout_loops_ring, minmay_temple_entry_poolview, gup_sewer_entry_bowl,
          uniq_edmund, uniq_blork_the_orc
D:5:      layout_basic, uniq_prince_ribbit1, uniq_sigmund
D:6:      layout_loops_ring
D:7:      minmay_the_grid_triangle_9x9_recursive_2
          [minmay_the_grid_triangle_9x9_prize_special,
          minmay_the_grid_triangle_9x9_tough_junction,
          minmay_the_grid_triangle_9x9_empty,
          minmay_the_grid_triangle_9x9_negative_grid], layout_basic,
          slow_altar_1, serial_shops, nicolae_shop_behind_doors
D:8:      layout_layer_cave, lemuel_mausoleum_altar_yredelemnul, serial_shops,
          nicolae_shop_peninsula, minmay_manual_mares, uniq_grum
Temple:   nicolae_temple_ecumenical_triangle

Skill      XL: |  1  2  3  4  5  6  7  8  9 |
---------------+----------------------------+-----
Armour         | 4 5 6 7 9 |  9.1
Shields        | 4 5 6 7 8 |  8.3
Fighting       | 4 5 6 7 |  7.0
Long Blades    | 3 4 6 7 8 10 | 10.3
Dodging        | 1 2 3 4 |  4.4
Stealth        | 1 |  1.2

Action                     |  1- 3 |  4- 6 |  7- 9 || total
---------------------------+-------+-------+-------++-------
  Melee: Long sword        |    87 |   167 |   373 ||   627
         Headbutt          |    10 |    32 |    74 ||   116
    Use: Scroll            |     4 |     5 |    12 ||    21
         Potion            |       |     1 |    10 ||    11
 Armour: Scale mail        |    56 |    67 |   122 ||   245
         Plate armour      |       |       |    25 ||    25
  Dodge: Dodged            |    44 |    61 |   140 ||   245
  Block: Buckler           |    22 |    24 |       ||    46
         Kite shield       |       |    39 |   251 ||   290
